 Dungeon Crawl Stone Soup version 0.29.0-4-gdea44cf6ec (webtiles) character file.

Game seed: 11103199559397831644

107 qw the Caller (level 4, -5/36 HPs)
             Began as a Ghoul Summoner on Sept 10, 2022.
             Slain by an orc priest
             ... wielding a +0 flail
              (6 damage)
             ... on level 4 of the Dungeon.
             The game lasted 00:01:29 (6477 turns).

qw the Caller (Ghoul Summoner)                      Turns: 6477, Time: 00:01:29

Health: -5/36      AC:  9    Str: 13    XL:     4   Next: 86%
Magic:  5/5        EV:  6    Int: 10    God:
Gold:   122        SH:  0    Dex:  9    Spells: 5/6 levels left

rFire   . . .      SeeInvis .   Y - +0 war axe
rCold   + . .      Faith    .   (no shield)
rNeg    + + +      Spirit   .   f - +0 chain mail
rPois   inf        Reflect  .   (no helmet)
rElec   .          Harm     .   (no cloak)
rCorr   .          Rampage  .   (no gloves)
Will    .....                   e - +0 pair of boots
Stlth   ..........              (no amulet)
HPRegen 0.00/turn               (no ring)
MPRegen 0.09/turn               (no ring)

@: confused, inhibited regen
A: claws 1, cold resistance 1, negative energy resistance 3, inhibited
regeneration, torment resistance 2, devour on kill
a: no special abilities


You were on level 4 of the Dungeon.
You visited 1 branch of the dungeon, and saw 4 of its levels.

You collected 243 gold pieces.
You spent 121 gold pieces at shops.


Innate Abilities, Weirdness & Mutations

You are immune to poison.
You have sharp fingernails.
Your flesh is cold resistant. (rC+)
You are immune to negative energy. (rN+++)
You do not regenerate when monsters are visible.
You are immune to unholy pain and torment.
You thrive by killing the living.


   Skills:
 - Level 2.2 Fighting
 + Level 3.0 Axes
 - Level 1.0 Armour
 - Level 1.7 Dodging
 - Level 2.1 Stealth
 - Level 1.7 Spellcasting
 - Level 3.6 Summonings


You had 5 spell levels left.
You knew the following spells:

 Your Spells              Type           Power      Damage    Failure   Level
a - Summon Small Mammal   Summ           32%        N/A       95%         1

Your spell library contained the following spells:

 Spells                   Type           Power      Damage    Failure   Level
 Call Imp                 Summ           8%         N/A       98%         2
 Call Canine Familiar     Summ           8%         N/A       100%        3
 Summon Guardian Golem    Hex/Summ       4%         N/A       100%        3
 Summon Lightning Spire   Summ/Air       4%         N/A       100%        4

Inventory:

Hand Weapons
 k - a +0 mace
 Y - a +0 war axe (weapon)
Armour
 e - a +0 pair of boots (worn)
 f - a +0 chain mail (worn)
Jewellery
 c - an amulet of the acrobat
Scrolls
 j - a scroll of identify
Potions
 a - a potion of might {unknown}
 b - a potion of invisibility {unknown}
 d - a potion of degeneration {unknown}
 g - a potion of haste {unknown}
 i - a potion of attraction {unknown}
 l - a potion of cancellation
 m - a potion of heal wounds {unknown}

Dungeon Overview and Level Annotations

Branches:
Dungeon (4/15)
 Temple: D:4-7

Altars:

Shops:
D:1 (   D:2 *

Annotations:
D:3 1 runed translucent door, Crazy Yiuf


Message History

You miss the orc priest. You slash the orc!
You kill the orc!
You miss something.
The orc priest hits you but does no damage.
Something hits you but does no damage.
Your Axes skill increases to level 3!
The orc priest attacks as you move away!
The orc priest hits you but does no damage.
Something hits you.
You barely miss the orc priest. You barely miss something.
You feel less confused.
The orc priest hits you with a +0 flail!
Something hits you but does no damage.
You closely miss the orc priest. You miss something.
The orc priest hits you with a +0 flail!
Something hits you but does no damage.
The orc priest hits you with a +0 flail.
Something hits you but does no damage.
You barely miss the orc priest. You barely miss something.
The orc priest hits you with a +0 flail.
Something hits you.
You hit the orc priest but do no damage.
You completely miss something.
The orc priest hits you with a +0 flail.
Something hits you but does no damage.
You barely miss the orc priest. You miss something.
The orc priest hits you but does no damage.
Something hits you but does no damage.
You hear some strange, mumbled words.
You are confused.
The orc priest closely misses you.
You hit the orc priest but do no damage.
You closely miss something.
The orc priest hits you but does no damage.
You hear some strange, mumbled words.
A magic dart appears from out of thin air!
The magic dart hits you.
You barely miss the orc priest. You miss something.
The orc priest hits you with a +0 flail.
You die...

#....# # #....# ### #
#....# #.####
#####....###+######...#.
..........#..#..........
..........#..#..........
.......)$.#..#..%..#....
.......{o.+..'.....#....
.......@..#'##.....#####
+####.................
#.................
+..................
###..................
#....###############
#....# #....# #....#


You could see an orc priest.

Vanquished Creatures
  3 adders (D:2)
  A worm (D:4)
  4 dart slugs
  2 orcs
  6 bats
  4 endoplasms
  5 goblins
  7 hobgoblins
  2 ball pythons (D:2)
  2 frilled lizards
  3 kobolds
  5 rats
44 creatures vanquished.

Vanquished Creatures (collateral kills)
  An adder (D:2)
  A dart slug (D:1)
  3 ball pythons
  2 endoplasms
  2 goblins (D:2)
  A hobgoblin (D:2)
  A bat (D:2)
  2 rats
13 creatures vanquished.

Vanquished Creatures (others)
  A plant (D:1)
1 creature vanquished.

Grand Total: 58 creatures vanquished

Notes
Turn   | Place    | Note
-------+----------+-------------------------------------------
     0 | D:1      | qw the Ghoul Summoner began the quest for the Orb.
     0 | D:1      | Reached XP level 1. HP: 14/14 MP: 2/2
     0 | D:1      | 0 ||| qw: Version: 0.1-a-116-g5d60599
     0 | D:1      | 0 ||| qw: Game counter: 7679
     0 | D:1      | 0 ||| qw: Always use a shield: true
     0 | D:1      | 0 ||| qw: God list: Okawaru
     0 | D:1      | 0 ||| qw: Allow faded altars: false
     0 | D:1      | 0 ||| qw: Do Orc after D:15 true
     0 | D:1      | 0 ||| qw: Do second Lair branch before Depths: true
     0 | D:1      | 0 ||| qw: Lair rune preference: random
     0 | D:1      | 0 ||| qw: Plans: Normal
     0 | D:1      | 0 ||| PLANNING D:1-11
    25 | D:1      | 25 ||| CASTING Summon Small Mammal
    26 | D:1      | 26 ||| CASTING Summon Small Mammal
    68 | D:1      | 68 ||| CASTING Summon Small Mammal
    69 | D:1      | 69 ||| CASTING Summon Small Mammal
   147 | D:1      | 147 ||| Wielding weapon +0 club.
   165 | D:1      | 165 ||| CASTING Summon Small Mammal
   166 | D:1      | 166 ||| CASTING Summon Small Mammal
   173 | D:1      | Reached skill level 1 in Axes
   195 | D:1      | 195 ||| CASTING Summon Small Mammal
   196 | D:1      | 196 ||| CASTING Summon Small Mammal
   274 | D:1      | 274 ||| CASTING Summon Small Mammal
   275 | D:1      | 275 ||| CASTING Summon Small Mammal
   401 | D:1      | 401 ||| CASTING Summon Small Mammal
   402 | D:1      | 402 ||| CASTING Summon Small Mammal
   413 | D:1      | 413 ||| CASTING Summon Small Mammal
   415 | D:1      | Reached skill level 1 in Fighting
   415 | D:1      | Reached XP level 2. HP: 6/23 MP: 0/3
   666 | D:1      | 666 ||| CASTING Summon Small Mammal
   667 | D:1      | 667 ||| CASTING Summon Small Mammal
   668 | D:1      | 668 ||| CASTING Summon Small Mammal
   678 | D:1      | 678 ||| CASTING Summon Small Mammal
   766 | D:1      | 766 ||| Stepping ~*~*~tactically~*~*~ (hiding).
   868 | D:1      | 868 ||| Stepping ~*~*~tactically~*~*~ (hiding).
   970 | D:1      | 970 ||| Stepping ~*~*~tactically~*~*~ (hiding).
  1072 | D:1      | 1072 ||| Stepping ~*~*~tactically~*~*~ (hiding).
  1174 | D:1      | 1174 ||| Stepping ~*~*~tactically~*~*~ (hiding).
  1276 | D:1      | 1276 ||| Stepping ~*~*~tactically~*~*~ (hiding).
  1378 | D:1      | 1378 ||| Stepping ~*~*~tactically~*~*~ (hiding).
  1480 | D:1      | 1480 ||| Stepping ~*~*~tactically~*~*~ (hiding).
  1582 | D:1      | 1582 ||| Stepping ~*~*~tactically~*~*~ (hiding).
  1684 | D:1      | 1684 ||| Stepping ~*~*~tactically~*~*~ (hiding).
  1786 | D:1      | 1786 ||| Stepping ~*~*~tactically~*~*~ (hiding).
  1888 | D:1      | 1888 ||| Stepping ~*~*~tactically~*~*~ (hiding).
  1990 | D:1      | 1990 ||| Stepping ~*~*~tactically~*~*~ (hiding).
  2092 | D:1      | 2092 ||| Stepping ~*~*~tactically~*~*~ (hiding).
  2098 | D:1      | 2098 ||| CASTING Summon Small Mammal
  2099 | D:1      | 2099 ||| CASTING Summon Small Mammal
  2100 | D:1      | 2100 ||| CASTING Summon Small Mammal
  2194 | D:1      | 2194 ||| CASTING Summon Small Mammal
  2195 | D:1      | 2195 ||| CASTING Summon Small Mammal
  2196 | D:1      | 2196 ||| CASTING Summon Small Mammal
  2306 | D:1      | 2306 ||| CASTING Summon Small Mammal
  2307 | D:1      | 2307 ||| CASTING Summon Small Mammal
  2308 | D:1      | 2308 ||| CASTING Summon Small Mammal
  2365 | D:1      | 2365 ||| CASTING Summon Small Mammal
  2366 | D:1      | 2366 ||| CASTING Summon Small Mammal
  2367 | D:1      | 2367 ||| CASTING Summon Small Mammal
  2411 | D:1      | 2411 ||| CASTING Summon Small Mammal
  2412 | D:1      | 2412 ||| CASTING Summon Small Mammal
  2413 | D:1      | 2413 ||| CASTING Summon Small Mammal
  2476 | D:1      | 2476 ||| CASTING Summon Small Mammal
  2477 | D:1      | 2477 ||| CASTING Summon Small Mammal
  2478 | D:1      | 2478 ||| CASTING Summon Small Mammal
  2519 | D:1      | Found Riozxoemn's Weapon Shop.
  2521 | D:1      | 2521 ||| CASTING Summon Small Mammal
  2522 | D:1      | 2522 ||| CASTING Summon Small Mammal
  2523 | D:1      | 2523 ||| CASTING Summon Small Mammal
  2564 | D:1      | 2564 ||| BUYING +0 hand axe (39 gold).
  2564 | D:1      | Bought a +0 hand axe for 39 gold pieces
  2564 | D:1      | 2564 ||| BUYING +0 mace (39 gold).
  2564 | D:1      | Bought a +0 mace for 39 gold pieces
  2564 | D:1      | 2564 ||| SHOPLISTING +0 war axe (45 gold, have 5).
  2564 | D:1      | 2564 ||| SWAPPING to +0 hand axe.
  2565 | D:1      | 2565 ||| DROPPING +0 club.
  2578 | D:1      | 2578 ||| CASTING Summon Small Mammal
  2579 | D:1      | 2579 ||| CASTING Summon Small Mammal
  2580 | D:1      | 2580 ||| CASTING Summon Small Mammal
  2629 | D:1      | 2629 ||| CASTING Summon Small Mammal
  2630 | D:1      | 2630 ||| CASTING Summon Small Mammal
  2631 | D:1      | 2631 ||| CASTING Summon Small Mammal
  2641 | D:1      | Reached XP level 3. HP: 28/28 MP: 0/4
  2732 | D:1      | 2732 ||| CASTING Summon Small Mammal
  2733 | D:1      | 2733 ||| CASTING Summon Small Mammal
  2734 | D:1      | 2734 ||| CASTING Summon Small Mammal
  3043 | D:1      | 3043 ||| UPGRADING to +0 ring mail.
  3053 | D:1      | 3053 ||| DROPPING +0 robe.
  3054 | D:1      | 3054 ||| UPGRADING to +0 pair of boots.
  3059 | D:1      | 3059 ||| READING 2 scrolls labelled EPRIXUMNIMN.
  3060 | D:1      | 3060 ||| READING 3 scrolls labelled CER HOSHIHE.
  3061 | D:1      | 3061 ||| READING scroll labelled REKKUS HOPAUK.
  3064 | D:1      | 3064 ||| DROPPING potion of magic.
  3065 | D:1      | 3065 ||| DROPPING 2 scrolls of torment.
  3093 | D:2      | 3093 ||| CASTING Summon Small Mammal
  3094 | D:2      | 3094 ||| STAIRDANCE
  3107 | D:2      | 3107 ||| CASTING Summon Small Mammal
  3108 | D:2      | 3108 ||| STAIRDANCE
  3120 | D:2      | 3120 ||| STAIRDANCE
  3168 | D:2      | 3168 ||| CASTING Summon Small Mammal
  3169 | D:2      | 3169 ||| STAIRDANCE
  3181 | D:2      | 3181 ||| CASTING Summon Small Mammal
  3182 | D:2      | 3182 ||| STAIRDANCE
  3199 | D:2      | 3199 ||| CASTING Summon Small Mammal
  3200 | D:2      | 3200 ||| CASTING Summon Small Mammal
  3201 | D:2      | 3201 ||| CASTING Summon Small Mammal
  3202 | D:2      | 3202 ||| CASTING Summon Small Mammal
  3249 | D:2      | 3249 ||| CASTING Summon Small Mammal
  3250 | D:2      | 3250 ||| CASTING Summon Small Mammal
  3251 | D:2      | 3251 ||| CASTING Summon Small Mammal
  3252 | D:2      | 3252 ||| CASTING Summon Small Mammal
  3343 | D:2      | 3343 ||| Stepping ~*~*~tactically~*~*~ (hiding).
  3445 | D:2      | 3445 ||| Stepping ~*~*~tactically~*~*~ (hiding).
  3446 | D:2      | 3446 ||| CASTING Summon Small Mammal
  3449 | D:2      | HP: 3/28 [goblin/+2 dagger of electrocution (19)]
  3484 | D:2      | 3484 ||| CASTING Summon Small Mammal
  3485 | D:2      | 3485 ||| CASTING Summon Small Mammal
  3486 | D:2      | 3486 ||| CASTING Summon Small Mammal
  3487 | D:2      | 3487 ||| CASTING Summon Small Mammal
  3489 | D:2      | HP: 4/28 [frozen (2)]
  3781 | D:2      | 3781 ||| CASTING Summon Small Mammal
  3782 | D:2      | 3782 ||| CASTING Summon Small Mammal
  3783 | D:2      | 3783 ||| CASTING Summon Small Mammal
  3785 | D:2      | 3785 ||| CASTING Summon Small Mammal
  3887 | D:2      | 3887 ||| CASTING Summon Small Mammal
  3888 | D:2      | 3888 ||| Stepping ~*~*~tactically~*~*~ (stealth).
  3889 | D:2      | 3889 ||| CASTING Summon Small Mammal
  3890 | D:2      | 3890 ||| CASTING Summon Small Mammal
  3898 | D:2      | 3898 ||| CASTING Summon Small Mammal
  3899 | D:2      | 3899 ||| CASTING Summon Small Mammal
  3944 | D:2      | 3944 ||| CASTING Summon Small Mammal
  3945 | D:2      | 3945 ||| CASTING Summon Small Mammal
  3946 | D:2      | 3946 ||| CASTING Summon Small Mammal
  3947 | D:2      | 3947 ||| CASTING Summon Small Mammal
  4007 | D:2      | 4007 ||| CASTING Summon Small Mammal
  4009 | D:2      | 4009 ||| CASTING Summon Small Mammal
  4010 | D:2      | 4010 ||| CASTING Summon Small Mammal
  4011 | D:2      | 4011 ||| CASTING Summon Small Mammal
  4053 | D:2      | 4053 ||| CASTING Summon Small Mammal
  4054 | D:2      | 4054 ||| CASTING Summon Small Mammal
  4055 | D:2      | 4055 ||| CASTING Summon Small Mammal
  4056 | D:2      | 4056 ||| CASTING Summon Small Mammal
  4066 | D:2      | Reached XP level 4. HP: 33/36 MP: 1/5
  4108 | D:2      | 4108 ||| Stepping ~*~*~tactically~*~*~ (hiding).
  4109 | D:2      | 4109 ||| Stepping ~*~*~tactically~*~*~ (hiding).
  4112 | D:2      | 4112 ||| CASTING Summon Small Mammal
  4113 | D:2      | 4113 ||| CASTING Summon Small Mammal
  4114 | D:2      | 4114 ||| CASTING Summon Small Mammal
  4115 | D:2      | 4115 ||| CASTING Summon Small Mammal
  4116 | D:2      | 4116 ||| CASTING Summon Small Mammal
  4246 | D:2      | 4246 ||| CASTING Summon Small Mammal
  4247 | D:2      | 4247 ||| CASTING Summon Small Mammal
  4248 | D:2      | 4248 ||| CASTING Summon Small Mammal
  4249 | D:2      | 4249 ||| CASTING Summon Small Mammal
  4250 | D:2      | 4250 ||| CASTING Summon Small Mammal
  4368 | D:2      | 4368 ||| CASTING Summon Small Mammal
  4369 | D:2      | 4369 ||| CASTING Summon Small Mammal
  4370 | D:2      | 4370 ||| CASTING Summon Small Mammal
  4371 | D:2      | 4371 ||| CASTING Summon Small Mammal
  4372 | D:2      | 4372 ||| CASTING Summon Small Mammal
  4432 | D:2      | 4432 ||| CASTING Summon Small Mammal
  4433 | D:2      | 4433 ||| CASTING Summon Small Mammal
  4434 | D:2      | 4434 ||| CASTING Summon Small Mammal
  4435 | D:2      | 4435 ||| CASTING Summon Small Mammal
  4436 | D:2      | 4436 ||| CASTING Summon Small Mammal
  4496 | D:2      | 4496 ||| CASTING Summon Small Mammal
  4497 | D:2      | 4497 ||| CASTING Summon Small Mammal
  4498 | D:2      | 4498 ||| CASTING Summon Small Mammal
  4499 | D:2      | 4499 ||| CASTING Summon Small Mammal
  4500 | D:2      | 4500 ||| CASTING Summon Small Mammal
  4699 | D:2      | 4699 ||| CASTING Summon Small Mammal
  4700 | D:2      | 4700 ||| CASTING Summon Small Mammal
  4701 | D:2      | 4701 ||| CASTING Summon Small Mammal
  4702 | D:2      | 4702 ||| CASTING Summon Small Mammal
  4703 | D:2      | 4703 ||| CASTING Summon Small Mammal
  4759 | D:2      | Found Ikorohin's Assorted Antiques.
  4767 | D:2      | 4767 ||| BUYING 2 smoky black potions (43 gold).
  4767 | D:2      | Bought 2 smoky black potions for 43 gold pieces
  4767 | D:2      | 4767 ||| SHOPLISTING blue potion (21 gold, have 16).
  4767 | D:2      | 4767 ||| SHOPLISTING cloak (108 gold, have 16).
  4767 | D:2      | 4767 ||| SHOPLISTING scroll of identify (48 gold, have 16).
  4852 | D:2      | 4852 ||| CASTING Summon Small Mammal
  4853 | D:2      | 4853 ||| CASTING Summon Small Mammal
  4854 | D:2      | 4854 ||| CASTING Summon Small Mammal
  4855 | D:2      | 4855 ||| CASTING Summon Small Mammal
  5125 | D:2      | 5125 ||| UPGRADING to +0 chain mail.
  5135 | D:2      | 5135 ||| DROPPING +0 ring mail.
  5136 | D:2      | 5136 ||| READING scroll labelled QYPSOH WORHAI.
  5137 | D:2      | 5137 ||| READING scroll labelled NUWUEPA JOLOTT.
  5138 | D:2      | 5138 ||| READING scroll labelled GISMAA QEFFA.
  5139 | D:2      | 5139 ||| DRINKING 2 smoky black potions.
  5140 | D:2      | 5140 ||| READING 2 scrolls of identify.
  5140 | D:2      | 5140 ||| IDENTIFYING sapphire potion
  5141 | D:2      | 5141 ||| DROPPING potion of berserk rage.
  5225 | D:2      | Reached skill level 1 in Armour
  5403 | D:3      | Found a faded altar of an unknown god.
  5943 | D:3      | Found a runed translucent door.
  5944 | D:3      | 5944 ||| SWAPPING to +0 war axe.
  5945 | D:3      | 5945 ||| DROPPING +0 hand axe.
  5946 | D:3      | Noticed Crazy Yiuf
  6281 | D:3      | 6281 ||| READING 4 scrolls labelled DEUGREBAOR.
  6282 | D:3      | 6282 ||| READING 4 scrolls labelled ZAOHEK AMOCLU.
  6283 | D:3      | 6283 ||| DROPPING 3 scrolls of magic mapping.
  6284 | D:3      | 6284 ||| DROPPING 3 scrolls of poison.
  6470 | D:4      | Reached skill level 3 in Axes
  6473 | D:4      | HP: 9/36 [orc priest/+0 flail (5)]
  6474 | D:4      | HP: 3/36 [orc priest/+0 flail (4)]
  6476 | D:4      | HP: 1/36 [something/magic dart (2)]
  6477 | D:4      | Slain by an orc priest

Levels and vault maps discovered:
D:1:      dpeg_arrival_orchard, layout_loops_corners, serial_shops,
          nicolae_shop_bloodbath_and_beyond, serial_bayou_pond_d
D:2:      layout_basic, serial_shops, shop, grunt_ministairs_12,
          minmay_increasing_density
D:3:      layout_basic, ebering_ecumenical_altar_ruins, uniq_crazy_yiuf_cottage
D:4:      layout_gridville, gammafunk_temple_overflow_claw,
          minmay_fractal_squares_diagonal_5, uniq_natasha

Skill      XL: |  1  2  3  4 |
---------------+-------------+-----
Axes           | 1 2 3 |  3.0
Fighting       | 1 2 |  2.2
Armour         | 1 |  1.0
Dodging        | |  1.7
Stealth        | |  2.1
Spellcasting   | |  1.7
Summonings     | |  3.6

Action                   |  1- 3 |  4- 6 || total
-------------------------+-------+-------++-------
Melee: Club              |    35 |       ||    35
       Unarmed           |     5 |       ||     5
       Hand axe          |    60 |    60 ||   120
       War axe           |       |    24 ||    24
       Punch             |       |     1 ||     1
 Cast: Summon Small Mamm |    68 |    30 ||    98
  Use: Scroll            |     3 |     6 ||     9
       Potion            |       |     1 ||     1
Armor: Robe              |     6 |       ||     6
       Ring mail         |    44 |     7 ||    51
       Chain mail        |       |    41 ||    41
Dodge: Dodged            |    51 |    24 ||    75

Table legend:
 A = Non-vault XP
 B = Vault XP
 C = Vault XP percentage of total XP
 D = Non-vault monster count
 E = Vault monster count
 F = Vault count percentage of total count
                 A         B        C        D         E       F
            +---------+---------+-------+---------+---------+-------
      Total |     119 |      35 |  22.7 |      48 |       9 |  15.8
            +---------+---------+-------+---------+---------+-------
        D:1 |      37 |       2 |   5.1 |      19 |       1 |   5.0
        D:2 |      59 |      33 |  35.9 |      18 |       8 |  30.8
        D:3 |      15 |       0 |   0.0 |       9 |       0 |   0.0
        D:4 |       8 |       0 |   0.0 |       2 |       0 |   0.0
            +---------+---------+-------+---------+---------+-------
